 Dungeon Crawl Stone Soup version 0.31.0-2-g5a2aebc5c2 (webtiles) character file.

Game seed: 13580689975658796163

66188 ragingrage the Toxicologist (level 14, -10/110 HPs)
             Began as a Demonspawn Alchemist on Jan 20, 2024.
             Was an Initiate of Gozag.
             Mangled by an ettin
             ... wielding a +0 dire flail
              (33 damage)
             ... on level 2 of the Orcish Mines on Jan 21, 2024.
             The game lasted 00:49:20 (30670 turns).

ragingrage the Toxicologist (Demonspawn Alchemist) Turns: 30670, Time: 00:49:21

Health: -10/110    AC: 13    Str: 10    XL:     14   Next: 78%
Magic:  16/35      EV: 14    Int: 19    God:    Gozag
Gold:   5258       SH:  4    Dex: 14    Spells: 1/30 levels left

rFire   . . .        a - +1 dagger (venom)
rCold   . . .        (no shield)
rNeg    . . .        u - +0 acid dragon scales
rPois   .            (no helmet)
rElec   .            t - +2 cloak
rCorr   +            (gloves unavailable)
SInv    .            (no boots)
Will    +....        X - amulet of magic regeneration
Stlth   ++           k - ring of magical power
HPRegen 0.38/turn    U - +4 ring of protection
MPRegen 0.64/turn

%: no passive effects
@: no status effects
A: powered by death 3, condensation shield, demonic touch 3
a: Renounce Religion, Potion Petition, Call Merchant, Bribe Branch


You were on level 2 of the Orcish Mines.
You worshipped Gozag.
Gozag was greatly pleased with you.
You visited 3 branches of the dungeon, and saw 19 of its levels.

You collected 6075 gold pieces.
You spent 784 gold pieces at shops.
You paid 33 gold pieces to Gozag.

Inventory:

Hand Weapons
 a - a +1 dagger of venom (weapon)
 F - the +2 glaive "Vilifas" {drain, +Blink rF- rN++ Str+2}
   (You found it on level 5 of the Lair of Beasts)

   Str+2:     It affects your strength (+2).
   rF-:       It makes you vulnerable to fire.
   rN++:      It greatly protects you from negative energy.
   +Blink:    It lets you blink.
Missiles
 j - 2 javelins
 A - 2 throwing nets
 L - 4 curare-tipped darts
Armour
 q - the +3 leather armour of Masumoest {+Blink rElec Regen+ Int-2}
   (You found it on level 12 of the Dungeon)

   Int-2:     It affects your intelligence (-2).
   rElec:     It insulates you from electricity.
   +Blink:    It lets you blink.
   Regen+:    It increases your rate of health regeneration.
 t - a +2 cloak (worn)
 u - +0 acid dragon scales (worn)
 H - the +1 robe of Vines {NoPotionHeal Regen++++}
   (You found it on level 3 of the Lair of Beasts)

   NoPotionHeal: Its wearer cannot be healed by potions.
   Regen++++: It increases your rate of health regeneration.
 I - an orb of energy
 V - a +2 robe of willpower
Jewellery
 b - a ring of protection from fire
 k - a ring of magical power (left hand)
 U - a +4 ring of protection (right hand)
 X - an amulet of magic regeneration (around neck)
Wands
 s - a wand of flame (50)
 y - a wand of quicksilver (1)
 E - a wand of paralysis (4)
 J - a wand of iceblast (4)
 K - a wand of mindburst (19)
 O - a wand of polymorph (6)
Scrolls
 d - 5 scrolls of revelation
 g - 2 scrolls of blinking
 i - 7 scrolls of teleportation
 l - 2 scrolls of noise
 m - a scroll of vulnerability {unknown}
 p - a scroll of immolation
 r - 3 scrolls of fear
 B - 5 scrolls of poison
 D - 2 scrolls of fog
 G - 3 scrolls of enchant armour
 N - a scroll of amnesia
 P - a scroll of enchant weapon {unknown}
 Q - 3 scrolls of butterflies
Potions
 c - 5 potions of lignification
 e - 2 potions of haste
 f - 6 potions of attraction
 h - 2 potions of cancellation {unknown}
 n - a potion of resistance {unknown}
 o - 9 potions of curing
 v - 3 potions of enlightenment {unknown}
 w - 3 potions of degeneration {unknown}
 x - 3 potions of brilliance {unknown}
 z - 3 potions of might {unknown}
 C - 3 potions of invisibility {unknown}
 M - a potion of magic
 R - 6 potions of heal wounds {unknown}
 T - 8 potions of ambrosia
 W - a potion of mutation {unknown}
Miscellaneous
 S - a tin of tremorstones (2/2)
 Y - a box of beasts
 Z - a phantom mirror


   Skills:
 + Level 10.0 Fighting
 - Level 2.0 Armour
 + Level 7.3 Dodging
 - Level 2.0 Stealth
 + Level 8.8 Spellcasting
 + Level 7.5 Conjurations
 - Level 10.0 Necromancy
 + Level 0.6 Translocations
 - Level 6.0 Fire Magic
 - Level 4.0 Air Magic
 + Level 10.7 Earth Magic
 - Level 11.0 Alchemy
 - Level 5.0 Evocations


You had one spell level left.
You knew the following spells:

 Your Spells              Type           Power      Damage    Failure   Level
a - Sting                 Conj/Alch      100%       1d9       1%          1
b - Mercury Vapours       Alch/Air       72%        N/A       1%          2
c - Irradiate             Conj/Alch      21%        3d18      9%          5
d - Sticky Flame          Fire/Alch      40%        2d8       4%          4
e - Olgreb's Toxic Radia  Alch           50%        N/A       1%          4
f - Borgnjor's Vile Clut  Necr/Erth      23%        N/A       4%          5
g - Swiftness             Air            23%        N/A       8%          3
h - Blink                 Tloc           22%        N/A       16%         2
z - Stone Arrow           Conj/Erth      86%        3d12      1%          3

Your spell library contained the following spells:

 Spells                   Type           Power      Damage    Failure   Level
 Necrotise                Necr           100%       1d9       1%          1
 Shock                    Conj/Air       100%       1d9       1%          1
 Apportation              Tloc           22%        N/A       10%         1
 Summon Small Mammal      Summ           32%        N/A       13%         1
 Cigotuvi's Dreadful Rot  Necr/Alch/Air  80%        N/A       1%          2
 Static Discharge         Conj/Air       60%        3-6/arc   1%          2
 Mephitic Cloud           Conj/Alch/Air  36%        N/A       1%          3
 Momentum Strike          Conj/Tloc      48%        3d9       3%          2
 Ignite Poison            Fire/Alch      40%        N/A       4%          4
 Curse of Agony           Necr           46%        N/A       6%          5
 Dazzling Flash           Conj/Hex       44%        N/A       9%          3
 Hailstorm                Conj/Ice       22%        3d7       9%          3
 Inner Flame              Hex/Fire       19%        N/A       12%         3
 Animate Armour           Summ/Erth      56%        N/A       14%         4
 Lesser Beckoning         Tloc           22%        N/A       16%         2
 Anguish                  Hex/Necr       13%        N/A       17%         4
 Airstrike                Air            11%        2d(2-18)  26%         4
 Gell's Gravitas          Tloc           11%        N/A       30%         3
 Teleport Other           Tloc           11%        N/A       30%         3
 Call Canine Familiar     Summ           8%         N/A       36%         3
 Summon Ice Beast         Ice/Summ       8%         N/A       36%         3
 Tukima's Dance           Hex            8%         N/A       36%         3
 Summon Blazeheart Golem  Fire/Summ      19%        N/A       36%         4
 Yara's Violent Unravell  Hex/Alch       14%        3d7       36%         5
 Bombard                  Conj/Erth      21%        9d4       43%         6
 Summon Lightning Spire   Summ/Air       15%        N/A       50%         4
 Freezing Cloud           Conj/Ice/Air   11%        6-21      58%         5
 Passage of Golubria      Tloc           11%        N/A       69%         4
 Silence                  Hex/Air        7%         N/A       85%         5
 Sculpt Simulacrum        Ice/Alch       14%        N/A       91%         6
 Orb of Destruction       Conj           18%        9d8       99%         7
 Spellforged Servitor     Conj/Summ      11%        N/A       100%        7
 Ignition                 Fire           15%        3d6       100%        8
 Lehudib's Crystal Spear  Conj/Erth      21%        10d6      100%        8


Dungeon Overview and Level Annotations

Branches:
Dungeon (12/15)            Temple (0/1) D:5            Lair (5/5) D:10
 Shoals (0/4) Lair:2        Snake (0/4) Lair:3        Slime (0/5) Lair:4
    Orc (2/2) D:12
    Elf: Orc:2

Altars:
Fedhas
Gozag
Hepliaklqana
Kikubaaqudgha
Nemelex Xobeh
Trog
Vehumet
Wu Jian

Shops:
D:6 (   D:8 (   Orc:2 =:

Annotations:
D:3 3 runed translucent doors, greynaab's ghost, amateur HORe
D:7 1 runed translucent door, rbyellow5's ghost, novice OpSh
Lair:2 2 transporters, oldmanjim's ghost, journeyman MiFi


Innate Abilities, Weirdness & Mutations

You regenerate a lot of health from kills.
A meltable shield of frost defends you. (SH +4)
Your touch may irresistibly damage your foes and sap their willpower.


Message History

Aim: an ettin, wielding a +0 dire flail and a +0 dire flail of protection (lightly wounded, constricted by zombie hands, 100% to hit)
The stone arrow hits the ettin!
The ettin is moderately wounded.
The zombie hands constrict the ettin.
The ettin escapes!
Casting: Stone Arrow (safe; 1% risk of failure)
Confirm with . or Enter, or press ? or * to list all spells.
Aiming: Borgnjor's Vile Clutch (dangerous; 4% risk of failure)
Press: ? - help, Shift-Dir - straight line, f/p - ettin
Aim: an ettin, wielding a +0 dire flail and a +0 dire flail of protection (moderately wounded, 100% to hit)
Zombie hands grab the ettin.
The zombie hands constrict the ettin, but do no damage.
The ettin closely misses you.
The ettin hits you with a +0 dire flail of protection!
Aiming: Stone Arrow (safe; 1% risk of failure)
Press: ? - help, Q - select action, (/) - cycle Shift-Dir - straight line, f/p - ettin
Aim: an ettin, wielding a +0 dire flail and a +0 dire flail of protection (moderately wounded, constricted by zombie hands, 100% to hit)
The stone arrow hits the ettin!!
The ettin is heavily wounded.
The zombie hands constrict the ettin.
The ettin closely misses you. You block the ettin's attack.
Aiming: Stone Arrow (safe; 1% risk of failure)
Press: ? - help, Q - select action, (/) - cycle Shift-Dir - straight line, f/p - ettin
Aim: an ettin, wielding a +0 dire flail and a +0 dire flail of protection (heavily wounded, constricted by zombie hands, 100% to hit)
The stone arrow hits the ettin.
The ettin is severely wounded.
You feel ready to blink again.
The zombie hands constrict the ettin.
The ettin hits you with a +0 dire flail!!
The ettin closely misses you.
Aiming: Stone Arrow (safe; 1% risk of failure)
Press: ? - help, Q - select action, (/) - cycle Shift-Dir - straight line, f/p - ettin
Aim: an ettin, wielding a +0 dire flail and a +0 dire flail of protection (severely wounded, constricted by zombie hands, 100% to hit)
The stone arrow hits the ettin!
The ettin is almost dead.
The zombie hands constrict the ettin.
The ettin hits you with a +0 dire flail!!
* * * LOW HITPOINT WARNING * * *
The ettin hits you with a +0 dire flail of protection!!
You die...
Your body crumbles into a pile of gold.

### ..# #.# #≈#~##
#.##+# ≈≈≈~.# #....#
~~... ####....# #~..#
#..#....#.# ≈≈# #..##
#@C'......# ≈~~~
#♣...###..#.####.#
#≈≈~~.♣ #.....#####.#..#
≈≈~~~..##......####.'..#
≈~~....#......'..))#..#
#..♣....))...####.####
#♣.........)..###...
###P............#.####.#
#.......).....#....# #


You could see an ettin (clutched).

Vanquished Creatures
  A dire elephant (Lair:5)
  Snorg (D:11)
  8 hydras
  2 catoblepae (Lair:5)
  2 boulder beetles
  2 two-headed ogres (D:11)
  A deep troll shaman (Lair:5)
  13 death yaks
  A skyshark (Lair:4)
  3 skeletal warriors (D:11)
  Pikel (D:7)
  2 lindwurms
  5 orc knights (Orc:2)
  A deep elf pyromancer (D:12)
  An oklob plant (Lair:3)
  A manticore (D:9)
  Maurice (D:7)
  3 orc sorcerers
  An ugly thing (D:12)
  2 cyclopes
  2 kobold blastminers (Orc:2)
  2 merfolk sirens (Lair:2)
  12 elephants
  4 black mambas
  20 cane toads
  An unseen horror (D:12)
  Jeremiah (D:7)
  3 rime drakes
  A kobold demonologist (D:12)
  7 komodo dragons
  A freezing wraith (D:11)
  Maggie (D:7)
  A queen bee (D:10)
  A hornet (shapeshifter) (D:11)
  2 merfolk (Lair:2)
  9 trolls
  A polar bear (Lair:5)
  3 hornets
  8 blink frogs
  A slime creature (Lair:4)
  7 wyverns
  3 wraiths
  Grum (D:11)
  14 yaks
  2 basilisks
  2 steam dragons
  2 wargs (Orc:2)
  5 nagas (Lair:3)
  16 water moccasins
  5 sky beasts
  4 black bears
  2 ice beasts (D:8)
  19 orc warriors
  11 wolves
  12 ogres
  3 centaurs
  4 lemures (D:7)
  3 kobold brigands
  18 bullfrogs
  4 gnoll sergeants
  4 scorpions
  7 wights (D:10)
  36 killer bees
  6 electric eels
  8 howler monkeys
  3 bombardier beetles
  8 hounds
  A gnoll bouda (D:6)
  14 orc priests
  3 jellies (Lair:4)
  4 iguanas
  6 hell rats (Lair:5)
  21 orc wizards
  18 gnolls
  2 adders (D:5)
  A shadow imp (D:6)
  2 white imps
  2 ufetubi (D:5)
  2 dart slugs
  71 orcs
  8 ball pythons
  5 endoplasms
  6 giant cockroaches
  3 hobgoblins
  6 jackals
  19 kobolds
  3 quokkas (D:4)
  3 bats
  5 frilled lizards
  7 goblins
  9 rats
563 creatures vanquished.

Notes
Turn   | Place    | Note
-------+----------+-------------------------------------------
     0 | D:1      | ragingrage the Demonspawn Alchemist began the quest for the
                  | Orb.
     0 | D:1      | Reached XP level 1. HP: 13/13 MP: 3/3
   579 | D:1      | Gained mutation: You regenerate a little health from kills.
                  | [demonic ancestry]
   579 | D:1      | Reached XP level 2. HP: 19/19 MP: 1/5
  1108 | D:1      | Learned a level 2 spell: Mercury Vapours
  1395 | D:2      | Reached XP level 3. HP: 24/24 MP: 6/6
  1563 | D:2      | Learned a level 3 spell: Mephitic Cloud
  2108 | D:3      | Identified the maw talisman "Igashej" {rElec rPois}
  2324 | D:3      | Found a faded altar of an unknown god.
  2355 | D:3      | Noticed greynaab's ghost (amateur HORe)
  2357 | D:3      | Found a runed translucent gate.
  2357 | D:3      | Found a runed translucent gate.
  2357 | D:3      | Found a runed translucent gate.
  2510 | D:3      | Reached skill level 1 in Air Magic
  2548 | D:3      | Found an opulent altar of Gozag.
  2603 | D:3      | Became a worshipper of Gozag Ym Sagoz the Greedy
  2792 | D:4      | Reached skill level 4 in Alchemy
  2792 | D:4      | Gained mutation: You regenerate health from kills. [demonic
                  | ancestry]
  2792 | D:4      | Reached XP level 4. HP: 17/30 MP: 7/7
  2964 | D:4      | Noticed a scorpion
  3353 | D:4      | Reached skill level 1 in Fighting
  3353 | D:4      | Reached XP level 5. HP: 28/37 MP: 8/8
  3713 | D:4      | Found a bloodstained altar of Trog.
  3829 | D:4      | You fall into a shaft and drop 2 floors!
  3840 | D:5      | Entered Level 5 of the Dungeon
  4055 | D:4      | Gained mutation: A meltable shield of frost defends you.
                  | (SH +4) [demonic ancestry]
  4055 | D:4      | Reached XP level 6. HP: 41/44 MP: 9/9
  4448 | D:4      | Reached skill level 5 in Alchemy
  5212 | D:5      | Found a staircase to the Ecumenical Temple.
  5467 | D:5      | Gained mutation: Your touch may inflict minor irresistible
                  | damage on your foes. [demonic ancestry]
  5467 | D:5      | Reached XP level 7. HP: 50/50 MP: 10/10
  5921 | D:6      | Found Femuippio's Antique Weapon Shop.
  6115 | D:6      | Learned a level 4 spell: Sticky Flame
  6386 | D:6      | Noticed a steam dragon
  6546 | D:6      | Found a sparkling altar of Nemelex Xobeh.
  6582 | D:6      | Reached skill level 6 in Alchemy
  6600 | D:6      | Reached skill level 1 in Fire Magic
  6611 | D:6      | Reached XP level 8. HP: 56/56 MP: 1/14
  7522 | D:6      | Reached skill level 5 in Spellcasting
  8061 | D:7      | Reached skill level 7 in Alchemy
  8066 | D:7      | Learned a level 4 spell: Olgreb's Toxic Radiance
  8173 | D:7      | Noticed Maggie
  8183 | D:7      | Noticed Jeremiah
  8184 | D:7      | Killed Maggie
  8185 | D:7      | Reached skill level 8 in Alchemy
  8185 | D:7      | Reached skill level 1 in Evocations
  8185 | D:7      | Reached XP level 9. HP: 61/61 MP: 14/16
  8425 | D:7      | Found a flagged portal.
  8438 | D:7      | Noticed Maurice
  8470 | D:7      | Noticed Pikel
  8473 | D:7      | Maurice stole the maw talisman "Igashej" {rElec rPois}
  8474 | D:7      | Killed Maurice
  8627 | D:7      | Reached skill level 9 in Alchemy
  9285 | D:7      | Killed Jeremiah
  9770 | D:7      | Found a runed translucent door.
  9770 | D:7      | Noticed rbyellow5's ghost (novice OpSh)
  9771 | D:7      | Noticed a kobold demonologist
  9882 | D:7      | Killed Pikel
  9883 | D:7      | Reached XP level 10. HP: 53/71 MP: 12/17
 10412 | D:8      | Reached skill level 10 in Alchemy
 10413 | D:8      | Reached skill level 5 in Fire Magic
 10619 | D:8      | Found Weatohe's Antique Weapon Boutique.
 10897 | D:8      | Reached skill level 1 in Armour
 11303 | D:8      | Found a blossoming altar of Fedhas.
 11517 | D:8      | Found a hazy altar of Hepliaklqana.
 12388 | D:9      | Noticed a manticore
 12407 | D:9      | Killed a manticore
 12483 | D:9      | Reached skill level 5 in Fighting
 12608 | D:9      | Got the Octavo of the Vacuum
 12613 | D:9      | Learned a level 3 spell: Stone Arrow
 13230 | D:10     | Entered Level 10 of the Dungeon
 13244 | D:10     | Reached skill level 5 in Dodging
 13244 | D:10     | Gained mutation: Your touch may inflict irresistible damage
                  | on your foes. [demonic ancestry]
 13244 | D:10     | Reached XP level 11. HP: 79/79 MP: 12/19
 13556 | D:10     | Found a staircase to the Lair.
 13597 | D:10     | Reached skill level 1 in Earth Magic
 13746 | D:10     | Learned a level 3 spell: Swiftness
 13818 | D:10     | Found an ornate altar of the Wu Jian Council.
 13845 | D:10     | Found an ancient bone altar of Kikubaaqudgha.
 13846 | D:10     | Found a radiant altar of Vehumet.
 14644 | D:10     | Reached skill level 5 in Evocations
 14765 | D:10     | Reached skill level 5 in Conjurations
 15085 | D:11     | Noticed a two-headed ogre
 15095 | D:11     | Killed a two-headed ogre
 15372 | Lair:1   | Entered Level 1 of the Lair of Beasts
 16242 | Lair:2   | Noticed a death yak
 16243 | Lair:2   | Noticed a death yak
 16246 | Lair:2   | Noticed a death yak
 16264 | Lair:2   | Killed a death yak
 16268 | Lair:2   | Killed a death yak
 16327 | Lair:2   | Noticed a death yak
 16331 | Lair:2   | Noticed a death yak
 16334 | Lair:2   | Noticed a death yak
 16452 | Lair:2   | Reached skill level 11 in Alchemy
 16677 | Lair:2   | Reached skill level 5 in Earth Magic
 17356 | Lair:2   | Gained mutation: Your touch may irresistibly damage your
                  | foes and sap their willpower. [demonic ancestry]
 17356 | Lair:2   | Reached XP level 12. HP: 88/88 MP: 21/21
 17618 | Lair:2   | Found a transporter.
 17630 | Lair:2   | Noticed oldmanjim's ghost (journeyman MiFi)
 18086 | Lair:2   | Killed a death yak
 18256 | Lair:2   | Killed a death yak
 18259 | Lair:2   | Killed a death yak
 18439 | Lair:2   | Found a transporter.
 18669 | Lair:2   | Killed a death yak
 18774 | Lair:2   | Found a staircase to the Shoals.
 19058 | Lair:3   | Noticed a five-headed hydra
 19111 | Lair:3   | Noticed a seven-headed hydra
 19312 | Lair:3   | Noticed a five-headed hydra
 19330 | Lair:3   | Killed a five-headed hydra
 20188 | Lair:3   | Found a staircase to the Snake Pit.
 20373 | Lair:3   | Killed a seven-headed hydra
 20529 | Lair:3   | Killed a five-headed hydra
 20641 | Lair:3   | Found the +1 robe of Vines {NoPotionHeal Regen++++}
 20844 | Lair:3   | Reached XP level 13. HP: 96/96 MP: 23/23
 21370 | Lair:3   | Reached skill level 10 in Earth Magic
 21450 | Lair:3   | Learned a level 5 spell: Borgnjor's Vile Clutch
 21647 | Lair:4   | Reached skill level 1 in Necromancy
 23294 | Lair:4   | Found a staircase to the Slime Pits.
 23577 | Lair:4   | Reached skill level 5 in Necromancy
 23829 | Lair:5   | Entered Level 5 of the Lair of Beasts
 24706 | Lair:5   | Identified the blade talisman "Jyacarph" {rElec Str+3 SInv}
 25254 | Lair:5   | Gained mutation: You regenerate a lot of health from kills.
                  | [demonic ancestry]
 25254 | Lair:5   | Reached XP level 14. HP: 39/108 MP: 3/26
 25766 | Lair:5   | Reached skill level 10 in Necromancy
 26805 | Lair:5   | Identified the +2 glaive "Vilifas" {drain, +Blink rF- rN++
                  | Str+2}
 27099 | D:11     | Noticed Grum
 27101 | D:11     | Noticed Sonja
 27110 | D:11     | Sonja changed into Sonja the shapeshifter
 27110 | D:11     | Noticed Sonja
 27111 | D:11     | Sonja the shapeshifter changed into Sonja the hornet
 27111 | D:11     | Noticed Sonja (shapeshifter)
 27111 | D:11     | Killed Grum
 27115 | D:11     | Killed Sonja the hornet
 27643 | D:11     | Noticed Snorg
 27649 | D:11     | Killed Snorg
 28813 | D:12     | Identified the +3 leather armour of Masumoest {+Blink rElec
                  | Regen+ Int-2}
 29168 | D:12     | Found a staircase to the Orcish Mines.
 29383 | Orc:1    | Entered Level 1 of the Orcish Mines
 29609 | Orc:2    | Entered Level 2 of the Orcish Mines
 30284 | Orc:2    | Reached skill level 10 in Fighting
 30366 | Orc:2    | Found Sokk's Book Emporium.
 30371 | Orc:2    | Bought a book of Spatial Translocations for 252 gold pieces
 30374 | Orc:2    | Learned a level 2 spell: Blink
 30380 | Orc:2    | Found Biowk's Jewellery Shoppe.
 30421 | Orc:2    | Bought a book of Spontaneous Combustion for 532 gold pieces
 30428 | Orc:2    | Learned a level 5 spell: Irradiate
 30670 | Orc:2    | Mangled by an ettin

Illustrated notes

Levels and vault maps discovered:
D:1:      dpeg_arrival_concentric_ovals, layout_loops_ring
D:2:      minmay_diamond_boxcup, layout_basic
D:3:      layout_basic, mainiacjoe_overflow_alcove_4,
          dreamdust_ecumenical_altar_statues, gammafunk_ghost_split
D:4:      layout_basic, trog_butcher_becter
D:5:      layout_cave_pools, minmay_temple_entry_proselytizer
D:6:      layout_basic, mainiacjoe_overflow_brackets, serial_shops,
          shop_fountains, grunt_ministairs_9
D:7:      layout_basic, ebering_ghost_inner_flame, enter_bailey_2, uniq_maurice,
          uniq_pikel, uniq_jeremiah, uniq_maggie
D:8:      layout_loops_ring, fedhas_bush_and_centaur_altar,
          mainiacjoe_overflow_alcove_2, serial_shops, shop
D:9:      layout_small_grid
D:10:     layout_roguey, nicolae_wu_jian_immortal_techniques,
          mainiacjoe_overflow_tiny_flanked, gammafunk_temple_overflow_pools,
          erik_lair_island, special_room [special_room_bee]
D:11:     layout_gridville, uniq_sonja, uniq_grum, uniq_snorg
D:12:     layout_rooms, david_orc_4
Lair:1:   layout_regular_city, lemuel_fruit_fields
Lair:2:   layout_chaotic_city, elwin_shoals_entry_stream, nzn_ghost_randoct,
          beast_lair_carwin_1
Lair:3:   cheibrodos_lair_overgrown_chateau, layout_chaotic_city,
          minmay_snake_entry_guardpost_medium, hellmonk_guarded_unrand_vines
Lair:4:   layout_hall_layers, minmay_slime_entry_pillars,
          gauntlet_entry_generic, minivault_23, st_stairs_6,
          lemuel_fruit_fields, infiniplex_staircase_pool
Lair:5:   grunt_lair_end_beastmaster, layout_loops_ring,
          chequers_serial_rivers_micro_b, serial_bayou_shore_a
Orc:1:    layout_caves, serial_shops, shop, mines2_david
Orc:2:    pubby_orc_utopia

Skill      XL: |  1  2  3  4  5  6  7  8  9 10 11 12 13 14 |
---------------+-------------------------------------------+-----
Stealth        | 2 |  2.0
Conjurations   | 2 3 4 6 7 |  7.5
Air Magic      | 1 2 3 4 |  4.0
Alchemy        | 4 5 6 8 9 10 11 | 11.0
Fighting       | 1 2 4 5 6 7 9 10 | 10.0
Spellcasting   | 4 5 6 8 |  8.8
Fire Magic     | 2 4 5 6 |  6.0
Evocations     | 1 3 4 5 |  5.0
Dodging        | 3 5 6 7 |  7.3
Armour         | 2 |  2.0
Earth Magic    | 5 9 10 | 10.7
Necromancy     | 9 10 | 10.0
Translocations | |  0.6

Action                     |  1- 3 |  4- 6 |  7- 9 | 10-12 | 13-15 || total
---------------------------+-------+-------+-------+-------+-------++-------
  Melee: Short sword       |     4 |       |       |       |       ||     4
         War axe           |     1 |       |       |       |       ||     1
         Dagger            |       |    12 |    30 |    33 |    23 ||    98
         Touch             |       |       |     3 |     5 |     6 ||    14
         Punch             |       |       |     1 |     1 |     1 ||     3
   Cast: Sting             |    97 |    92 |   186 |    60 |     3 ||   438
         Mephitic Cloud    |       |       |    14 |    12 |     3 ||    29
         Mercury Vapours   |       |       |     3 |     3 |       ||     6
         Olgreb's Toxic Ra |       |       |    15 |   128 |   115 ||   258
         Sticky Flame      |       |       |     3 |    44 |    39 ||    86
         Stone Arrow       |       |       |       |   110 |   258 ||   368
         Borgnjor's Vile C |       |       |       |       |    44 ||    44
         Blink             |       |       |       |       |     1 ||     1
  Evoke: Wand              |       |       |     4 |     7 |     2 ||    13
         Phantom mirror    |       |       |       |       |     1 ||     1
         Tin of tremorston |       |       |       |       |     1 ||     1
    Use: Scroll            |     3 |     2 |     1 |     4 |     6 ||    16
         Potion            |       |       |     2 |       |       ||     2
   Stab: Sleeping          |     1 |       |       |       |       ||     1
         Confused          |       |       |     1 |     1 |       ||     2
         Paralysed         |       |       |     2 |       |       ||     2
 Armour: Robe              |    17 |    46 |    62 |       |       ||   125
         Acid dragon scale |       |       |       |    93 |   156 ||   249
  Dodge: Dodged            |    30 |    37 |    56 |    48 |    88 ||   259
  Block: Other             |       |     5 |    14 |    19 |    26 ||    64
